 Dungeon Crawl Stone Soup version 0.23.2-1-ga50397a (webtiles) character file.

Game seed: 11251942905841197313

3663 funkygono the Destroyer (level 9, -2/64 HPs)
             Began as a Grey Draconian Conjurer on May 31, 2019.
             Was a Follower of Vehumet.
             Slain by a three-headed hydra (12 damage)
             ... on level 8 of the Dungeon.
             The game lasted 00:27:33 (9808 turns).

funkygono the Destroyer (Grey Draconian Conjurer)   Turns: 9808, Time: 00:27:34

Health: -2/64      AC: 16    Str: 10    XL:     9   Next: 89%
Magic:  11/21      EV: 11    Int: 18    God:    Vehumet [*.....]
Gold:   375        SH:  9    Dex: 13    Spells: 14/24 levels left

rFire    . . .     SeeInvis .   k - staff of conjuration
rCold    . . .     Gourm    .   h - +1 shield
rNeg     . . .     Faith    .   (armour unavailable)
rPois    .         Spirit   .   (helmet restricted)
rElec    .         Reflect  .   f - +1 cloak
rCorr    .         Harm     .   (no gloves)
MR       .....                  q - +1 pair of boots
Stlth    ++........             (no amulet)
HPRegen  0.20/turn              (no ring)
MPRegen  0.17/turn              (no ring)

@: no status effects
A: walk through water, unfitting armour, unbreathing, cold-blooded, AC +12
a: Renounce Religion


You were on level 8 of the Dungeon.
You worshipped Vehumet.
Vehumet was aware of your devotion.
You were not hungry.

You visited 2 branches of the dungeon, and saw 9 of its levels.

You collected 440 gold pieces.
You spent 65 gold pieces at shops.

Inventory:

Hand Weapons
 n - a +4 quarterstaff of pain
 s - the +0 whip of Aburo {protect, rN++ Dex-4 SInv}
   (You found it on level 4 of the Dungeon)

   It protects the one who uses it against injury (+AC on strike).
   It affects your dexterity (-4).
   It greatly protects you from negative energy.
   It lets you see invisible.
 C - the +2 hand axe of World Downfall {holy, +Inv rElec MP+9 Dex-3}
   (You found it on level 7 of the Dungeon)

   It has been blessed by the Shining One to cause great damage to the undead
   and demons.
   It affects your dexterity (-3).
   It insulates you from electricity.
   It affects your magic capacity (+9).
   It lets you turn invisible.
Missiles
 a - 186 stones (quivered)
Armour
 f - a +1 cloak (worn)
 h - a +1 shield (worn)
 q - a +1 pair of boots (worn)
Magical Staves
 k - an uncursed staff of conjuration (weapon)
Jewellery
 x - an uncursed ring of protection from cold {unknown}
 D - an uncursed amulet of guardian spirit {unknown}
Wands
 t - a wand of random effects (22)
 w - a wand of acid (6)
Scrolls
 c - 5 scrolls of identify
 j - a scroll of blinking
 l - 7 scrolls of teleportation
 o - 2 scrolls of fog
 y - 2 scrolls of remove curse
 A - a scroll of amnesia
Potions
 d - 2 potions of haste
 e - 3 potions of agility
 g - 2 potions of curing
 i - a potion of might
 m - 3 potions of brilliance
 p - 2 potions of flight
 r - a potion of magic
 u - a potion of berserk rage
 v - 2 potions of cancellation
 z - a potion of lignification
Comestibles
 b - 13 rations
 B - a chunk of flesh


   Skills:
 + Level 1.0 Fighting
 + Level 1.0 Maces & Flails
 + Level 0.3(0.7) Staves
 + Level 3.1 Dodging
 + Level 2.9 Stealth
 * Level 4.3 Shields
 * Level 8.0 Spellcasting
 * Level 9.4 Conjurations
 * Level 3.7 Hexes


You had 14 spell levels left.
You knew the following spells:

 Your Spells              Type           Power        Failure   Level  Hunger
a - Magic Dart            Conj           ####         1%          1    None
b - Searing Ray           Conj           ######       1%          2    None
c - Dazzling Spray        Conj/Hex       #####.       8%          3    #......
d - Iskenderun's Mystic   Conj           ######..     8%          4    ###....

Your spell library contained the following spells:

 Spells                   Type           Power        Failure   Level  Hunger
 Sting                    Conj/Pois      ####         5%          1    None
 Fulminant Prism          Conj/Hex       #####.....   26%         4    ###....
 Force Lance              Conj/Tloc      #####...     50%         4    ###....


Dungeon Overview and Level Annotations

Branches:
Dungeon (8/15)             Temple (1/1) D:5
   Lair: D:8-11

Altars:
Ashenzari
Cheibriados
Dithmenos
Elyvilon
Fedhas
Gozag
Hepliaklqana
Kikubaaqudgha
Makhleb
Nemelex Xobeh
Okawaru
Qazlal
Ru
Sif Muna
Trog
Uskayaw
Vehumet
Wu Jian
Xom
Yredelemnul
Zin
The Shining One
Lugonu

Shops:
D:4 [*[   D:5 %%!?}

Annotations:
D:5 3 runed translucent doors, diana's ghost, novice DgFi
D:7 2 transporters


Innate Abilities, Weirdness & Mutations

You can walk through water.
Your dull iron-grey scales are very hard. (AC +12)
You cannot fit into any form of body armour.
You can survive without breathing.
You are cold-blooded and may be slowed by cold attacks.


Message History

Casting: Searing Ray (safe; 1% risk of failure)
Confirm with . or Enter, or press ? or * to list all spells.
Aiming: Searing Ray (safe; 1% risk of failure)
Press: ? - help, Shift-Dir - straight line, f/p - yak
Aim: a yak (severely wounded)
You feel a surge of power!
The searing ray hits the three-headed hydra!
The three-headed hydra is heavily wounded. (Press . to maintain the ray.)
You block the three-headed hydra's attack.
The three-headed hydra barely misses you. x2
The searing ray hits the three-headed hydra.
The three-headed hydra is heavily wounded.
The three-headed hydra bites you! x2
* * * LOW HITPOINT WARNING * * *
You block the three-headed hydra's attack.
The searing ray hits the three-headed hydra!
The three-headed hydra is severely wounded.
The three-headed hydra bites you!
You die...

#.# #########...
##.####......#####
#.................
##.####.#.>...#### .# #### ###
#........... ... ..#
#.#.....#### .. #.# #......##
#.##.########## ####...#
#....))...YD@<# #...# #
####.###.####.# #...#
#.#####.###.####.# #...# ###
#....((.......##.# #...# #..
###..()..........#######...###.#
###Y#####.....................
.≈. #.#.##................ ..%..
#.#.###............... ≈P.Y%..
..#.. ######.#..<.##.#


You could see a three-headed hydra and a yak.

Vanquished Creatures
  2 dream sheep (D:8)
  Grinder (D:4)
  A yak (D:8)
  A steam dragon (D:4)
  Menkaure (D:5)
  3 ice beasts (D:6)
  4 ogres
  A black bear (D:7)
  A necrophage (D:7)
  2 phantoms
  An orc warrior (D:7)
  2 centaurs
  A crocodile (D:8)
  3 big kobolds (D:8)
  Blork the orc (D:4)
  3 scorpions
  3 howler monkeys (D:7)
  A crimson imp (D:7)
  A bullfrog zombie (D:4)
  Crazy Yiuf (D:4)
  4 orc priests
  A hound (D:8)
  4 jellies
  6 orc wizards
  3 worker ants
  A hound zombie (D:6)
  A hound skeleton (D:5)
  A worker ant zombie (D:5)
  Robin (D:1)
  10 adders
  A shadow imp (D:7)
  2 oozes
  An adder skeleton (D:6)
  3 worms
  6 dart slugs
  7 leopard geckos
  14 orcs
  2 ball pythons
  6 bats
  2 giant cockroaches
  7 hobgoblins
  An iguana (D:4)
  14 jackals
  5 quokkas
  8 frilled lizards
  18 goblins
  A jackal zombie (D:8)
  5 kobolds
  3 leopard gecko skeletons
  A quokka zombie (D:6)
  4 rats
177 creatures vanquished.

Vanquished Creatures (others)
  3 plants
3 creatures vanquished.

Grand Total: 180 creatures vanquished

Notes
Turn   | Place    | Note
-------+----------+-------------------------------------------
     0 | D:1      | funkygono the Draconian Conjurer began the quest for the
                  | Orb.
     0 | D:1      | Reached XP level 1. HP: 14/14 MP: 3/3
   223 | D:1      | Reached XP level 2. HP: 9/20 MP: 0/5
   278 | D:1      | Learned a level 2 spell: Searing Ray
  1348 | D:2      | Noticed Robin
  1351 | D:2      | Reached XP level 3. HP: 26/26 MP: 1/6
  1490 | D:1      | Killed Robin
  1786 | D:2      | Reached skill level 5 in Conjurations
  1855 | D:2      | Noticed a +0 hand axe
  1855 | D:2      | Noticed a +0 hand axe
  1856 | D:2      | Found a hide-covered altar of Uskayaw.
  1913 | D:2      | Reached XP level 4. HP: 29/33 MP: 5/8
  1918 | D:2      | Learned a level 3 spell: Dazzling Spray
  3751 | D:4      | Noticed an ogre
  3756 | D:4      | Killed an ogre
  3756 | D:4      | Reached XP level 5. HP: 38/38 MP: 3/10
  3858 | D:4      | Reached skill level 1 in Shields
  3984 | D:4      | Reached skill level 1 in Hexes
  3984 | D:4      | Reached XP level 6. HP: 38/45 MP: 2/11
  4136 | D:4      | Got a polished whip
  4137 | D:4      | Identified the cursed +0 whip of Aburo {protect, rN++ Dex-4
                  | SInv} (You found it on level 4 of the Dungeon)
  4192 | D:4      | Found a shimmering altar of Xom.
  4265 | D:4      | Noticed Blork the orc
  4274 | D:4      | Killed Blork the orc
  4274 | D:4      | Reached skill level 6 in Conjurations
  4326 | D:4      | Noticed Grinder
  4339 | D:4      | Killed Grinder
  4339 | D:4      | Your scales start taking on a dull iron-grey colour.
  4339 | D:4      | Reached XP level 7. HP: 31/51 MP: 2/13
  4339 | D:4      | Gained mutation: You can survive without breathing. [Grey
                  | Draconian growth]
  4558 | D:4      | Found Rohoiw's Assorted Antiques.
  4570 | D:4      | Noticed a steam dragon
  4593 | D:4      | Killed a steam dragon
  4952 | D:4      | Found Jeumaett's Antique Armour Shop.
  5052 | D:4      | Found Amyomu's Antique Armour Boutique.
  5117 | D:4      | Found a runed translucent door.
  5118 | D:4      | Noticed Crazy Yiuf
  5129 | D:4      | Killed Crazy Yiuf
  5208 | D:4      | Learned a level 4 spell: Iskenderun's Mystic Blast
  5219 | D:5      | Entered Level 5 of the Dungeon
  5226 | D:5      | Noticed Menkaure
  5603 | D:5      | Killed Menkaure
  5603 | D:5      | Reached skill level 5 in Spellcasting
  5912 | D:5      | Found Falenythua's Food Shop.
  5914 | D:5      | Found Irau's Distillery.
  5923 | D:5      | Reached skill level 7 in Conjurations
  5923 | D:5      | Reached XP level 8. HP: 58/58 MP: 10/15
  5949 | D:5      | Reached skill level 1 in Fighting
  5949 | D:5      | Reached skill level 1 in Maces & Flails
  6095 | D:5      | Found Mosuimon's Gadget Boutique.
  6190 | D:5      | Found a burning altar of Makhleb.
  6191 | D:5      | Found a blossoming altar of Fedhas.
  6261 | D:5      | Found Cacurhir's Food Shoppe.
  6263 | D:5      | Found a staircase to the Ecumenical Temple.
  6329 | Temple   | Entered the Ecumenical Temple
  6350 | Temple   | Became a worshipper of Vehumet
  6510 | D:5      | Found an iron altar of Okawaru.
  6723 | D:5      | Bought a potion of heal wounds for 65 gold pieces
  6736 | D:5      | Found Lafezara's Magic Scroll Boutique.
  6849 | D:5      | Found a runed translucent gate.
  6849 | D:5      | Found a runed translucent gate.
  6850 | D:5      | Found a runed translucent gate.
  6852 | D:5      | Noticed diana's ghost (novice DgFi)
  6888 | D:5      | Found a white marble altar of Elyvilon.
  7593 | D:6      | Found an opulent altar of Gozag.
  7796 | D:6      | Reached skill level 8 in Conjurations
  7924 | D:7      | Reached XP level 9. HP: 64/64 MP: 12/18
  8734 | D:7      | Got a steaming hand axe
  8751 | D:7      | Found a shattered altar of Ashenzari.
  8799 | D:7      | Reached * piety under Vehumet
  8799 | D:7      | Offered knowledge of Sting by Vehumet.
  8904 | D:7      | Found a transporter.
  8905 | D:7      | Found a corrupted altar of Lugonu.
  8906 | D:7      | Noticed a cyan ugly thing
  8950 | D:7      | Noticed a brown ugly thing
  8952 | D:7      | Found a transporter.
  9022 | D:7      | Identified the +2 hand axe of World Downfall {holy, +Inv
                  | rElec MP+9 Dex-3} (You found it on level 7 of the Dungeon)
  9566 | D:8      | Reached skill level 9 in Conjurations
  9789 | D:8      | Noticed a three-headed hydra
  9808 | D:8      | Slain by a three-headed hydra

Skill      XL: |  1  2  3  4  5  6  7  8  9 |
---------------+----------------------------+-----
Stealth        | 2 |  2.9
Conjurations   | 5 6 7 8 9 |  9.4
Dodging        | 2 3 |  3.1
Spellcasting   | 3 4 5 6 8 |  8.0
Shields        | 1 2 3 4 |  4.3
Hexes          | 1 2 3 |  3.7
Fighting       | 1 |  1.0
Maces & Flails | 1 |  1.0
Staves         | |  0.3

Action                   |  1- 3 |  4- 6 |  7- 9 || total
-------------------------+-------+-------+-------++-------
Melee: Unarmed           |     4 |       |       ||     4
       Tailslap          |     3 |     3 |     2 ||     8
       Whip              |    10 |    17 |    16 ||    43
       Staff             |       |     3 |    11 ||    14
 Cast: Magic Dart        |    59 |   115 |   237 ||   411
       Searing Ray       |     2 |     6 |    36 ||    44
       Dazzling Spray    |       |       |     5 ||     5
       Iskenderun's Myst |       |       |     1 ||     1
  Use: Scroll            |     5 |     4 |    14 ||    23
       Potion            |       |       |     4 ||     4
  Eat: Chunk             |     4 |     5 |    10 ||    19
       Ration            |       |     1 |     2 ||     3
Armor: Skin              |     8 |    18 |    72 ||    98
Dodge: Dodged            |    19 |    40 |    76 ||   135
Block: Shield            |       |       |    52 ||    52
